 Dungeon Crawl Stone Soup version 0.14-a0-2432-g6b3afca (webtiles) character file.

60 4tharraofdagon the Firebug (level 3, -3/19 HPs)
             Began as a Tengu Fire Elementalist on Feb 4, 2014.
             Slain by Grinder (6 damage)
             ... while paralysed by Grinder
             ... on Level 3 of the Dungeon.
             The game lasted 00:03:28 (534 turns).

4tharraofdagon the Firebug (Tengu Fire Elementalist) Turns: 534, Time: 00:03:28

HP  -3/19        AC  2     Str  8      XL: 3   Next: 33%
MP   3/7         EV  2     Int 16      God:
Gold 25          SH  0     Dex 14      Spells:  2 memorised,  2 levels left

rFire  . . .     SeeInvis .     g - +0 dagger (vamp)
rCold  . . .     Clarity  .     k - +0 robe (curse)
rNeg   . . .     Conserve .     (no shield)
rPois  .         rCorr    .     (helmet restricted)
rElec  .         rRot     .     (no cloak)
SustAb . .       Spirit   .     (no gloves)
rMut   .         Warding  .     (boots unavailable)
Saprov . . .     Stasis   .     (no amulet)
MR     .....                    (no ring)
                                (no ring)

@: paralysed, not resistant to hostile enchantments, fairly stealthy
A: beak, talons 3
a: no special abilities


You were on level 3 of the Dungeon.
You were not hungry.

You visited 1 branch of the dungeon, and saw 5 of its levels.

You collected 25 gold pieces.

Inventory:

Hand weapons
 g - a +0,+0 vampiric dagger (weapon)
Armour
 a - a +0 robe
 k - a cursed +0 robe (worn)
Comestibles
 i - a rotting chunk of adder flesh
Scrolls
 c - a scroll of identify {unknown}
 d - a scroll of noise {unknown}
 e - 2 scrolls of recharging {unknown}
 m - a scroll of fear {unknown}
Potions
 f - a potion of poison {unknown}
 l - a potion of lignification {unknown}
Books
 b - a book of Flames

   Spells                             Type                      Level
   *Flame Tongue                      Conjuration/Fire             1
   Throw Flame                        Conjuration/Fire             2
   *Conjure Flame                     Conjuration/Fire             3
   Inner Flame                        Hexes/Fire                   3
   Sticky Flame                       Conjuration/Fire             4
   Fireball                           Conjuration/Fire             5
Carrion
 j - an adder skeleton


   Skills:
 - Level 2.1 Dodging
 - Level 2.0 Stealth
 + Level 2.2 Spellcasting
 * Level 2.8 Conjurations
 * Level 4.0 Fire Magic


You had 2 spell levels left.
You knew the following spells:

 Your Spells              Type           Power        Failure   Level  Hunger
a - Flame Tongue          Conj/Fire      ##...        8%          1    #......
b - Conjure Flame         Conj/Fire      ##......     17%         3    ####...


Dungeon Overview and Level Annotations

Branches:
Dungeon (5/16)
 Temple: D:4-7

Altars:
Sif Muna

Annotations:
D:3 Grinder


Innate Abilities, Weirdness & Mutations

You have a beak for a mouth.
You have claws for feet.


Message History

Grinder is moderately wounded.
Grinder barely misses you.
Casting: Flame Tongue
Confirm with . or Enter, or press ? or * to list all spells.
Aiming: Flame Tongue
Press: ? - help, Shift-Dir - straight line, f/p - Grinder
Aim: Grinder (moderately wounded)
The flame hits Grinder.
Grinder is heavily wounded.
Grinder gestures at you.
You suddenly lose the ability to move!
Grinder gestures at you. You resist. Grinder gestures at you.
Pain shoots through your body!
* * * LOW HITPOINT WARNING * * *
Grinder hits you.
* * * LOW HITPOINT WARNING * * *
You writhe in agony.
You die...

#######.##.....
#.....#.##......
#.....#.##..(..
#.....#.##....
#.....#.##...(
#.....#.#....#
#.....#.##.#.#
#########.....#.##.#.####
........@.....'..........
#########5....####.#.####
..5.....###### #.#.#
.......#########.#.#
........#...........#
....................#
.........####.####..#
........##.....##..#
#######.#.......#..#


You could see Grinder.

Vanquished Creatures
  A worker ant zombie (D:5)
  An adder (D:4)
  A giant gecko (D:1)
  A bat (D:4)
  A giant cockroach (D:1)
  A hobgoblin (D:1)
  3 kobolds
  4 goblins
  A quokka (D:3)
14 creatures vanquished.

Notes
Turn   | Place    | Note
--------------------------------------------------------------
     0 | D:1      | 4tharraofdagon, the Tengu Fire Elementalist, began the quest for the Orb.
     0 | D:1      | Reached XP level 1. HP: 10/10 MP: 3/3
    86 | D:1      | Reached XP level 2. HP: 10/15 MP: 1/5
   183 | D:3      | Found a deep blue altar of Sif Muna.
   199 | D:3      | Noticed Grinder
   294 | D:5      | Entered Level 5 of the Dungeon
   329 | D:5      | Reached XP level 3. HP: 19/19 MP: 2/7
   334 | D:5      | Learned a level 3 spell: Conjure Flame
   398 | D:5      | Reached skill level 4 in Fire Magic
   531 | D:3      | Paralysed by Grinder for 5 turns
   534 | D:3      | Slain by Grinder

Action                   || total
-------------------------++-------
Melee: Unarmed           ||    13
       Dagger            ||    11
 Cast: Flame Tongue      ||    25
       Conjure Flame     ||     2
  Use: Potion            ||     3
